 Dungeon Crawl Stone Soup version 0.27.0-1-g7a089689b8 (webtiles) character file.

Game seed: 7644015200556509306

3289 frimble the Ruffian (level 9, -3/88 HPs)
             Began as a Troll Warper on Aug 9, 2021.
             Was a Believer of Cheibriados.
             Slain by Maurice (5 damage)
             ... on level 8 of the Dungeon.
             The game lasted 00:14:24 (6465 turns).

frimble the Ruffian (Troll Warper)                  Turns: 6465, Time: 00:14:24

Health: -3/88      AC:  8    Str: 33    XL:     9   Next: 69%
Magic:  12/14      EV: 10    Int: 18    God:    Cheibriados [**....]
Gold:   202        SH:  0    Dex: 15    Spells: 11/16 levels left

rFire    . . .     SeeInvis .     - Unarmed
rCold    . . .     Faith    .   (no shield)
rNeg     . . .     Spirit   .   q - +2 robe {Will+}
rPois    .         Reflect  .   (helmet restricted)
rElec    .         Harm     .   n - +1 cloak
rCorr    .         Rampage  .   (gloves unavailable)
Will     +....                  (boots unavailable)
Stlth    +.........             (no amulet)
HPRegen  1.24/turn              a - +6 ring of strength
MPRegen  0.14/turn              (no ring)

@: lethally poisoned (-3 -> -4), very slow
A: large, unfitting armour, claws 3, regeneration 1, shaggy fur 1, tough skin 1
a: Renounce Religion, Bend Time


You were on level 8 of the Dungeon.
You worshipped Cheibriados.
Cheibriados was pleased with you.
You visited 2 branches of the dungeon, and saw 9 of its levels.
You also visited: Sewer.

You collected 283 gold pieces.
You spent 81 gold pieces at shops.

Inventory:

Missiles
 c - 2 boomerangs of dispersal
 i - 3 large rocks
 u - 13 poisoned darts (quivered)
 w - 6 boomerangs
 y - 3 silver boomerangs
Armour
 n - a +1 cloak (worn)
 q - a +2 robe of willpower (worn)
 C - +0 acid dragon scales
Jewellery
 a - a +6 ring of strength (left claw)
Wands
 o - a wand of paralysis (12)
 x - a wand of mindburst (8)
Scrolls
 d - 3 scrolls of teleportation
 j - 2 scrolls of silence
 k - 4 scrolls of amnesia
 t - a scroll of magic mapping
 B - 5 scrolls of identify
Potions
 e - a potion of berserk rage
 f - a potion of flight
 g - 2 potions of curing {unknown}
 h - a potion of brilliance {unknown}
 l - a potion of lignification {unknown}
 m - 2 potions of haste {unknown}
 p - a potion of cancellation {unknown}
 s - a potion of ambrosia {unknown}
 v - a potion of attraction {unknown}
 A - a potion of resistance


   Skills:
 - Level 5.0 Fighting
 + Level 5.6 Throwing
 - Level 1.0 Armour
 - Level 1.9 Dodging
 + Level 2.9 Shields
 + Level 6.4 Unarmed Combat
 - Level 4.0 Spellcasting
 - Level 4.0 Translocations
 - Level 1.1 Ice Magic
 + Level 0.5 Invocations
 + Level 0.3 Evocations


You had 11 spell levels left.
You knew the following spells:

 Your Spells              Type           Power      Damage    Failure   Level
a - Blink                 Tloc           N/A        N/A       4%          2
b - Ozocubu's Armour      Ice            7%         N/A       26%         3

Your spell library contained the following spells:

 Spells                   Type           Power      Damage    Failure   Level
 Gell's Gravitas          Tloc           9%         N/A       9%          3
 Lesser Beckoning         Tloc           9%         N/A       9%          3
 Teleport Other           Tloc           18%        N/A       9%          3
 Frozen Ramparts          Ice            14%        1d3       26%         3
 Dazzling Flash           Conj/Hex       6%         N/A       41%         3
 Iskenderun's Mystic Bla  Conj/Tloc      10%        2d4       54%         4
 Manifold Assault         Tloc           18%        N/A       61%         5
 Ice Form                 Ice/Tmut       5%         N/A       75%         4
 Summon Ice Beast         Ice/Summ       5%         N/A       75%         4
 Starburst                Conj/Fire      1%         8x6d3     100%        6
 Ozocubu's Refrigeration  Ice            3%         4d5       100%        7


Dungeon Overview and Level Annotations

Branches:
Dungeon (8/15)             Temple (1/1) D:4           Sewer (visited)
   Lair: D:8-11

Altars:
Ashenzari
Cheibriados
Dithmenos
Elyvilon
Fedhas
Gozag
Hepliaklqana
Kikubaaqudgha
Nemelex Xobeh
Okawaru
Vehumet
Xom
Yredelemnul
Zin

Shops:
D:7 ([[[(

Annotations:
D:8 Maurice


Innate Abilities, Weirdness & Mutations

You are too large for most types of armour.
You have claws for hands.
Your natural rate of healing is unusually fast.
You are covered in fur. (AC +1)
You have tough skin. (AC +1)


Message History

Press: ? - help, Shift-Dir - straight line, f/p - hornet
Aim: a hornet (chance to affect: 59%)
The hornet resists with significant effort.
The hornet stings you but does no damage.
You hear some strange, mumbled words.
Aiming: Mindburst
Press: ? - help, Shift-Dir - straight line, f/p - hornet
Aim: a hornet (chance to affect: 59%)
The hornet's mind is blasted!
The hornet stings you!
* * * LOW HITPOINT WARNING * * *
You feel yourself slow down. The hornet stings you!
* * * LOW HITPOINT WARNING * * *
You are poisoned.
You suddenly lose the ability to move!
You feel yourself speed up.
You feel very sick. The hornet stings you!
* * * LOW HITPOINT WARNING * * *
You feel yourself slow down.
You can move again.
Okay, then.
Unknown command.
Okay, then.
Unknown command.
Okay, then.
Unknown command.
Okay, then.
Unknown command.
Casting: Blink (safe; 4% risk of failure)
Confirm with . or Enter, or press ? or * to list all spells.
You blink.
You feel sick. Something hits you.
* * * LOW HITPOINT WARNING * * *
Something steals your +0 kite shield!
The hornet closely misses you.
An ice beast comes into view.
You hear some strange, mumbled words.
You feel yourself speed up.
You feel sick.
The hornet stings you but does no damage.
The hornet closely misses you. Something hits you.
You die...

...# ..)## #.#
##Y.. .#..###...#
....#....# #
.......#
#.##.##.####.#.#
##.....@ยง)))...#
........y#####.#
#####.......#
####.##.# #.##.#
######.##.#
#.......#.####[#
#.#####........#
#...######


You could see a hornet and an ice beast.

Vanquished Creatures
  Pikel (D:3)
  Grinder (D:4)
  A steam dragon (D:7)
  Edmund (D:6)
  An acid dragon (D:7)
  A water moccasin (D:7)
  An ice beast (D:5)
  An orc warrior (D:7)
  A sky beast (D:7)
  2 necrophages
  5 ogres
  A centaur (D:8)
  2 lemures (D:3)
  A phantom (D:5)
  2 bullfrogs
  A kobold brigand (D:8)
  A water moccasin zombie (D:5)
  4 howler monkeys
  2 electric eels (D:6)
  A centaur zombie (D:8)
  A hound (D:6)
  2 gnoll shamans
  A bullfrog skeleton (D:7)
  5 orc priests
  4 orc wizards
  Robin (D:4)
  17 gnolls
  4 adders
  A shadow imp (D:7)
  2 white imps
  2 ufetubi
  An adder skeleton (D:5)
  2 dart slugs (D:1)
  16 orcs
  8 endoplasms
  4 giant cockroaches
  11 goblins
  7 hobgoblins
  6 jackals (Sewer)
  14 kobolds
  4 quokkas
  14 ball pythons
  8 bats
  7 frilled lizards
  4 rats
  A spectral hobgoblin (D:1)
178 creatures vanquished.

Vanquished Creatures (others)
  8 plants
8 creatures vanquished.

Grand Total: 186 creatures vanquished

Notes
Turn   | Place    | Note
-------+----------+-------------------------------------------
     0 | D:1      | frimble the Troll Warper began the quest for the Orb.
     0 | D:1      | Reached XP level 1. HP: 19/19 MP: 1/1
    13 | D:1      | Reached skill level 1 in Throwing
   140 | D:1      | Reached XP level 2. HP: 26/28 MP: 3/3
   156 | D:1      | Found a faded altar of an unknown god.
   358 | D:1      | Reached XP level 3. HP: 35/35 MP: 4/4
   368 | D:1      | Learned a level 2 spell: Blink
  1477 | D:3      | Reached XP level 4. HP: 42/42 MP: 5/5
  1878 | D:3      | Found a radiant altar of Vehumet.
  2009 | D:4      | Noticed Pikel
  2009 | D:4      | Noticed a lemure
  2009 | D:4      | Noticed a lemure
  2009 | D:4      | Noticed a lemure
  2009 | D:4      | Noticed a lemure
  2035 | D:3      | Killed a lemure
  2050 | D:3      | Killed a lemure
  2122 | D:3      | Killed Pikel
  2123 | D:3      | Reached skill level 3 in Unarmed Combat
  2123 | D:3      | Reached XP level 5. HP: 27/53 MP: 3/7
  2123 | D:3      | Reached XP level 6. HP: 31/61 MP: 3/8
  2123 | D:3      | Reached XP level 7. HP: 35/67 MP: 3/9
  2215 | D:4      | Noticed Grinder
  2221 | D:4      | Paralysed by Grinder for 4 turns
  2241 | D:4      | Paralysed by Grinder for 5 turns
  2255 | D:4      | Paralysed by Grinder for 4 turns
  2301 | D:4      | Paralysed by Grinder for 4 turns
  2306 | D:4      | Killed Grinder
  2307 | D:4      | Reached skill level 4 in Unarmed Combat
  2474 | D:4      | Found a shimmering altar of Xom.
  2681 | D:4      | Noticed Robin
  2696 | D:4      | Killed Robin
  2766 | D:4      | Found a staircase to the Ecumenical Temple.
  2935 | D:5      | Entered Level 5 of the Dungeon
  2958 | D:5      | Learned a level 3 spell: Ozocubu's Armour
  2986 | D:5      | Found an iron altar of Okawaru.
  3030 | D:5      | Reached XP level 8. HP: 78/78 MP: 11/11
  3636 | Temple   | Entered the Ecumenical Temple
  3827 | Temple   | Became a worshipper of Cheibriados the Contemplative
  3974 | D:6      | Reached skill level 5 in Unarmed Combat
  3974 | D:6      | Reached skill level 1 in Ice Magic
  3988 | D:6      | Found a glowing drain.
  4002 | Sewer    | Entered a sewer
  4779 | D:7      | Found Viof's Armour Boutique.
  4805 | D:7      | Reached skill level 1 in Shields
  4816 | D:7      | Reached * piety under Cheibriados
  4873 | D:7      | Found Unoibb's Antique Armour Shoppe.
  4896 | D:7      | Reached XP level 9. HP: 46/85 MP: 11/13
  4932 | D:7      | Bought an embroidered robe for 81 gold pieces
  4943 | D:7      | Found Cykim's Antique Armour Shop.
  5046 | D:6      | Noticed Edmund
  5056 | D:6      | Killed Edmund
  5495 | D:7      | Reached skill level 5 in Throwing
  5600 | D:7      | Found Wiupn's Weapon Shop.
  5780 | D:7      | Found Pits's Antique Weapon Emporium.
  6022 | D:7      | Reached skill level 5 in Fighting
  6022 | D:7      | Reached skill level 6 in Unarmed Combat
  6253 | D:8      | Reached ** piety under Cheibriados
  6431 | D:8      | Reached skill level 1 in Armour
  6431 | D:8      | Noticed Maurice
  6462 | D:8      | Paralysed by a hornet for 2 turns
  6463 | D:8      | HP: 4/88 [hornet (8)]
  6465 | D:8      | Slain by Maurice

Illustrated notes

Levels and vault maps discovered:
D:1:      co_arrival_random_square_maze, layout_basic,
          dreamdust_ecumenical_altar_drowned_temple, minmay_misc_feat_rugged,
          hangedman_decor_peaks_small, serial_bayou_pond_a,
          minmay_split_cup_large
D:2:      layout_loops_cross
D:3:      layout_basic, pf_just_have_faith
D:4:      layout_loops_ring, mainiacjoe_overflow_small_starburst,
          minmay_temple_entry_statues_pillars, uniq_pikel, uniq_robin,
          uniq_grinder
D:5:      layout_cave_pools, okawaru_metal_pillars_1_2,
          chequers_serial_rivers_room_b, grunt_decor_mini_mirrors
D:6:      layout_basic, serial_bayou, serial_bayou_pond_a,
          serial_bayou_lagoon_a, serial_bayou_lake_a, serial_bayou_pond_d,
          cheibrodos_sewer_entry_drain, nicolae_underground_beach, uniq_edmund
D:7:      layout_loops_cross, serial_shops, shop, nicolae_shop_trees,
          kennysheep_mini_moat, shop, nicolae_stop_n_shop_2,
          serial_co_window_serial, co_window_corner_a, co_window_paths_a,
          co_window_corner_a, co_window_paths_b, co_window_paths_a,
          co_window_corner_b, co_window_unsneaky_path_b, co_window_broadway_c,
          glass_columns_a, minmay_misc_feat_columns
D:8:      minmay_statue_hallways, layout_loops_ring,
          grunt_temple_overflow_diamond, serial_shops, nicolae_shop_stone,
          minmay_three_doors, uniq_maurice, uniq_joseph
Temple:   dpeg_chambers_temple

Skill      XL: |  1  2  3  4  5  6  7  8  9 |
---------------+----------------------------+-----
Throwing       | 1 3 4 5 |  5.6
Fighting       | 2 3 4 5 |  5.0
Unarmed Combat | 3 4 5 6 |  6.4
Spellcasting   | 2 3 4 |  4.0
Translocations | 3 4 |  4.0
Ice Magic      | 1 |  1.1
Shields        | 1 2 |  2.9
Armour         | 1 |  1.0
Dodging        | |  1.9
Invocations    | |  0.5
Evocations     | |  0.3

Action                   |  1- 3 |  4- 6 |  7- 9 || total
-------------------------+-------+-------+-------++-------
Melee: Unarmed           |   112 |    71 |   330 ||   513
       Punch             |     1 |     1 |    12 ||    14
Throw: Large rock        |     1 |     2 |     3 ||     6
       Boomerang         |       |     1 |     2 ||     3
       Dart              |       |       |    18 ||    18
 Cast: Blink             |       |     1 |     2 ||     3
Evoke: Wand              |       |       |    15 ||    15
  Use: Scroll            |     2 |     3 |     7 ||    12
       Potion            |       |       |     1 ||     1
 Stab: Sleeping          |     2 |       |       ||     2
       Paralysed         |       |       |     7 ||     7
Armor: Robe              |    36 |     9 |    53 ||    98
       Animal skin       |       |       |    61 ||    61
       Acid dragon scale |       |       |    17 ||    17
Dodge: Dodged            |    49 |    31 |   143 ||   223
